 Dungeon Crawl Stone Soup version 0.17-a0-2027-gcac42c4 (webtiles) character file.

24 maniek23 the Vexing (level 2, -1/19 HPs)
             Began as a Vampire Enchanter on Oct 10, 2015.
             Slain by an adder (3 damage)
             ... on level 2 of the Dungeon.
             The game lasted 00:01:43 (1048 turns).

maniek23 the Vexing (Vampire Enchanter)             Turns: 1048, Time: 00:01:43

Health: -1/19      AC:  4    Str:  7    XL:     2   Next: 79%
Magic:  3/5        EV: 13    Int: 17    God:
Gold:   142        SH:  0    Dex: 14    Spells: 2 memorised, 2 levels left

rFire  . . .     SeeInvis +     a - +1 dagger
rCold  . . .     Clarity  .     b - +1 robe
rNeg   + + .     SustAt   .     (no shield)
rPois  .         Gourm    .     (no helmet)
rElec  .         Spirit   .     p - +0 cloak
rCorr  .         Warding  .     (no gloves)
rMut   .         Stasis   .     (no boots)
MR     .....                    (no amulet)
Stlth  +++.......               (no ring)
                                e - ring of positive energy

@: lethally poisoned (-1 -> -7), not resistant to hostile enchantments, fairly
stealthy
A: fangs 3, see invisible, unbreathing
a: no special abilities


You were on level 2 of the Dungeon.
You were not thirsty.

You visited 1 branch of the dungeon, and saw 2 of its levels.

You collected 142 gold pieces.

Inventory:

Hand Weapons
 a - a +1 dagger (weapon)
Armour
 b - a +1 robe (worn)
 p - a +0 cloak (worn)
Jewellery
 e - a ring of positive energy (left hand)
 j - an uncursed amulet of resist mutation {unknown}
Wands
 n - a wand of enslavement (11)
Scrolls
 f - a scroll of identify {unknown}
 g - 2 scrolls of recharging {unknown}
 h - a scroll of magic mapping {unknown}
 i - a scroll of immolation {unknown}
 k - a scroll of remove curse {unknown}
 l - a scroll of teleportation {unknown}
 o - a scroll of enchant armour {unknown}
Potions
 d - 2 potions of blood
 m - a potion of brilliance {unknown}
Books
 c - a book of Maledictions

   Spells                             Type                      Level
   a - Corona                         Hexes                        1
   b - Ensorcelled Hibernation        Hexes/Ice                    2
   c - Confuse                        Hexes                        3
   d - Tukima's Dance                 Hexes                        3
   e - Dazzling Spray                 Conjuration/Hexes            3


   Skills:
 - Level 0.1 Fighting
 * Level 1.2 Short Blades
 + Level 2.5 Dodging
 + Level 4.9 Stealth
 + Level 2.1 Spellcasting
 + Level 5.0 Hexes


You had 2 spell levels left.
You knew the following spells:

 Your Spells              Type           Power        Failure   Level  Hunger
a - Corona                Hex            ###....      2%          1    #......
b - Ensorcelled Hibernat  Hex/Ice        ##....       12%         2    ###....


Dungeon Overview and Level Annotations

Branches:
Dungeon (2/15)

Altars:


Innate Abilities, Weirdness & Mutations

You have razor-sharp teeth.
You have supernaturally acute eyesight.
You can survive without breathing.


Message History

The adder bites you.
You are more poisoned.
The adder poisons you!
You hit the adder but do no damage.
The adder is heavily wounded.
You feel sick. The adder bites you. The adder barely misses you.
You hit the adder.
The adder is almost dead.
You feel sick. The giant gecko barely misses you. The adder bites you.
* * * LOW HITPOINT WARNING * * *
The giant gecko barely misses you.
You are too injured to fight recklessly!
* * * LOW HITPOINT WARNING * * *
You feel sick.
Cast which spell? (? or * to list)
Aiming: Ensorcelled Hibernation
Press: ? - help, Shift-Dir - straight line, f - adder
Aim: an adder (almost dead, chance to defeat MR: 50%)
The adder resists with some effort.
The adder bites you.
You die...

#.....#.#.##.#.##.###.# #.#
#......#.....#.#.#.##.# #.#
###.###.####....###.#.#######.#
#.# #.####.#.## ##..........#
#.# #......##.###...#########
#.......##.###.#.##..........
#######.##...l..#############
#.####S##.# #.# #@##.# #(#
#.##.######## #.# #.##........#
#.# #...#######.# #.# ###.# #[#
#.# ##.## #.#
#.#####...######.#
#.##.............#
#.##.##...########


You could see an adder and a giant gecko.

Vanquished Creatures
  An adder (D:2)
  5 bats
  A giant cockroach (D:1)
  3 hobgoblins
  A giant newt (D:2)
  2 kobolds
  2 rats
15 creatures vanquished.

Notes
Turn   | Place    | Note
--------------------------------------------------------------
     0 | D:1      | maniek23 the Vampire Enchanter began the quest for the Orb.
     0 | D:1      | Reached XP level 1. HP: 13/13 MP: 3/3
   318 | D:1      | Reached XP level 2. HP: 19/19 MP: 5/5
   322 | D:1      | Learned a level 2 spell: Ensorcelled Hibernation
   700 | D:2      | Reached skill level 5 in Hexes
  1048 | D:2      | Slain by an adder

Vault maps used:
D:1:      minmay_arrival_four_loops, item_on_display_a

Action                   || total
-------------------------++-------
Melee: Dagger            ||    55
 Cast: Ensorcelled Hiber ||     1
 Stab: Sleeping          ||     7
  Eat: Corpse            ||     5
